TOP OF THE 1ST |
Chicago Cubs batting - Pitching for St. Louis Cardinals : RHP Chris Bassitt
|
Pitching: RHP Chris Bassitt
|
|
Batting: SHB Yoan Moncada
|
0-0: Called Strike 0-1: Foul Ball, location: 2F 0-2: Ball 1-2: Foul Ball, location: 2F 1-2: Ball 2-2: Ball 3-2: Foul Ball, location: 2F 3-2: Ground out 4-3 (Groundball, 4)
|
Batting: RHB Paul DeJong
|
0-0: Ball 1-0: Ball 2-0: Ball 3-0: Called Strike 3-1: Called Strike 3-2: Fly out, F8 (Flyball, 8LD)
|
Batting: LHB Cody Bellinger
|
0-0: Ball 1-0: Ball 2-0: Ball 3-0: Called Strike 3-1: Base on Balls
|
Batting: RHB Justin Upton
|
0-0: Ball 1-0: Ball 2-0: Foul Ball, location: 2F 2-1: Ball 3-1: Swinging Strike 3-2: Fly out, F6 (Popup, 6)
|
Top of the 1st over - 0 runs, 0 hits, 0 errors, 1 left on base; Chicago 0 - St. Louis 0 |
BOTTOM OF THE 1ST |
St. Louis Cardinals batting - Pitching for Chicago Cubs : RHP Jacob Faria
|
Pitching: RHP Jacob Faria
|
|
Batting: SHB Ozzie Albies
|
0-0: Ball 1-0: SINGLE (Line Drive, 3D)
|
Batting: RHB Alex Bregman
|
0-0: Called Strike 0-1: Called Strike 0-2: Ball 1-2: Grounds into double play, 5-4-3 (Groundball, 56)
|
Batting: RHB Jose Alberto Martinez
|
0-0: Ball 1-0: Ground out 5-3 (Groundball, 56)
|
Bottom of the 1st over - 0 runs, 1 hit, 0 errors, 0 left on base; Chicago 0 - St. Louis 0 |
TOP OF THE 2ND |
Chicago Cubs batting - Pitching for St. Louis Cardinals : RHP Chris Bassitt
|
Batting: RHB Willson Contreras
|
0-0: Foul Ball, location: 2F 0-1: Ball 1-1: Called Strike 1-2: Strikes out looking
|
Batting: RHB Stephen Piscotty
|
0-0: Swinging Strike 0-1: Ball 1-1: Foul Ball, location: 2F 1-2: Strikes out looking
|
Batting: RHB Zack Cozart
|
0-0: Called Strike 0-1: Fly out, F8 (Flyball, 89D)
|
Top of the 2nd over - 0 runs, 0 hits, 0 errors, 0 left on base; Chicago 0 - St. Louis 0 |
BOTTOM OF THE 2ND |
St. Louis Cardinals batting - Pitching for Chicago Cubs : RHP Jacob Faria
|
Batting: RHB Mark Reynolds
|
0-0: Ball 1-0: Called Strike 1-1: Foul Ball, location: 2F 1-2: Strikes out swinging
|
Batting: LHB Alex Avila
|
0-0: Ball 1-0: Ball 2-0: Called Strike 2-1: Ball 3-1: Fly out, F8 (Flyball, 8RM)
|
Batting: LHB Brett Phillips
|
0-0: Foul Ball, location: 2F 0-1: Ball 1-1: Ground out 5-3 (Groundball, 56S)
|
Bottom of the 2nd over - 0 runs, 0 hits, 0 errors, 0 left on base; Chicago 0 - St. Louis 0 |
TOP OF THE 3RD |
Chicago Cubs batting - Pitching for St. Louis Cardinals : RHP Chris Bassitt
|
Batting: RHB Trayce Thompson
|
0-0: Ball 1-0: Foul Ball, location: 2F 1-1: Swinging Strike 1-2: Strikes out looking
|
Batting: RHB Jacob Faria
|
0-0: Called Strike 0-1: Ground out 4-3 (Groundball, 34)
|
Batting: SHB Yoan Moncada
|
0-0: Called Strike 0-1: Swinging Strike 0-2: Foul Ball, location: 2F 0-2: Ball 1-2: Strikes out swinging
|
Top of the 3rd over - 0 runs, 0 hits, 0 errors, 0 left on base; Chicago 0 - St. Louis 0 |
BOTTOM OF THE 3RD |
St. Louis Cardinals batting - Pitching for Chicago Cubs : RHP Jacob Faria
|
Batting: RHB Harrison Bader
|
0-0: Ball 1-0: Swinging Strike 1-1: Ball 2-1: Ball 3-1: Bunt for hit - play at first, batter OUT! 1-3
|
Batting: RHB Adeiny Hechavarria
|
0-0: Called Strike 0-1: Swinging Strike 0-2: SINGLE (Line Drive, 8RS)
|
Batting: RHB Chris Bassitt
|
0-0: Sac Bunt - play at second, runner OUT! 5-6
|
Batting: SHB Ozzie Albies
|
0-0: Ball 1-0: Ball 2-0: Ball 3-0: Called Strike 3-1: SINGLE (Line Drive, 4D) Chris Bassitt to second
|
Batting: RHB Alex Bregman
|
0-0: Ground out U3 (Groundball, 34S)
|
Bottom of the 3rd over - 0 runs, 2 hits, 0 errors, 2 left on base; Chicago 0 - St. Louis 0 |
TOP OF THE 4TH |
Chicago Cubs batting - Pitching for St. Louis Cardinals : RHP Chris Bassitt
|
Batting: RHB Paul DeJong
|
0-0: Foul Ball, location: 2F 0-1: Ball 1-1: Fly out, F8 (Flyball, 8LM)
|
Batting: LHB Cody Bellinger
|
0-0: Ball 1-0: Called Strike 1-1: Foul Ball, location: 2F 1-2: Foul Ball, location: 2F 1-2: Foul Ball, location: 2F 1-2: Ball 2-2: Strikes out swinging
|
Batting: RHB Justin Upton
|
0-0: Called Strike 0-1: Foul Ball, location: 2F 0-2: Ground out 5-3 (Groundball, 56)
|
Top of the 4th over - 0 runs, 0 hits, 0 errors, 0 left on base; Chicago 0 - St. Louis 0 |
BOTTOM OF THE 4TH |
St. Louis Cardinals batting - Pitching for Chicago Cubs : RHP Jacob Faria
|
Batting: RHB Jose Alberto Martinez
|
0-0: Ball 1-0: Foul Ball, location: 2F 1-1: SINGLE (Groundball, 6D)
|
Batting: RHB Mark Reynolds
|
0-0: Ball 1-0: Ball 2-0: Ball 3-0: Base on Balls Jose Alberto Martinez to second
|
Batting: LHB Alex Avila
|
0-0: Ball 1-0: Ball 2-0: Ball 3-0: Base on Balls Jose Alberto Martinez to third Mark Reynolds to second
|
Batting: LHB Brett Phillips
|
0-0: Swinging Strike 0-1: Ball 1-1: Fielders Choice at 2nd, 5-4 (Groundball, 56) Jose Alberto Martinez scores Mark Reynolds to third
|
Batting: RHB Harrison Bader
|
0-0: Called Strike 0-1: Ball 1-1: Called Strike 1-2: Ball 2-2: Strikes out looking
|
Batting: RHB Adeiny Hechavarria
|
0-0: Hit by Pitch Brett Phillips to second
|
Batting: RHB Chris Bassitt
|
0-0: SINGLE (Line Drive, 9S) Mark Reynolds scores Brett Phillips to third Adeiny Hechavarria to second Runner from 3rd tries for Home, SAFE, throw made home
|
Batting: SHB Ozzie Albies
|
0-0: Called Strike 0-1: Ball 1-1: Ball 2-1: Fly out, F9 (Flyball, 9)
|
Bottom of the 4th over - 3 runs, 2 hits, 0 errors, 2 left on base; Chicago 0 - St. Louis 3 |
TOP OF THE 5TH |
Chicago Cubs batting - Pitching for St. Louis Cardinals : RHP Chris Bassitt
|
Batting: RHB Willson Contreras
|
0-0: Ball 1-0: Fly out, F9 (Flyball, 9)
|
Batting: RHB Stephen Piscotty
|
0-0: Called Strike 0-1: Ground out 4-3 (Groundball, 4MS)
|
Batting: RHB Zack Cozart
|
0-0: Called Strike 0-1: DOUBLE (Flyball, 8LXD)
|
Batting: RHB Trayce Thompson
|
0-0: Swinging Strike 0-1: 2-RUN HOME RUN (Flyball, 7LD), Distance : 362 ft
|
Batting: RHB Jacob Faria
|
0-0: SINGLE (Line Drive, 4D)
|
Batting: SHB Yoan Moncada
|
0-0: Foul Ball, location: 2F 0-1: Called Strike 0-2: Foul Ball, location: 2F 0-2: SINGLE (Line Drive, 4MD) Jacob Faria to second
|
Batting: RHB Paul DeJong
|
0-0: Swinging Strike 0-1: Ball 1-1: Ball 2-1: Ground out 3-1 (Groundball, 34S)
|
Top of the 5th over - 2 runs, 4 hits, 0 errors, 2 left on base; Chicago 2 - St. Louis 3 |
BOTTOM OF THE 5TH |
St. Louis Cardinals batting - Pitching for Chicago Cubs : RHP Jacob Faria
|
Batting: RHB Alex Bregman
|
0-0: Ball 1-0: Called Strike 1-1: Ball 2-1: Ball 3-1: SINGLE (Line Drive, 89M)
|
Batting: RHB Jose Alberto Martinez
|
0-0: Called Strike 0-1: Ball 1-1: Ball 2-1: Ball 3-1: Called Strike 3-2: Foul Ball, location: 2F 3-2: Strikes out swinging
|
Batting: RHB Mark Reynolds
|
0-0: Ball 1-0: Ball 2-0: Ball 3-0: Called Strike 3-1: Base on Balls Alex Bregman to second
|
Batting: LHB Alex Avila
|
0-0: Ball 1-0: Ball 2-0: Called Strike 2-1: Foul Ball, location: 2F 2-2: Foul Ball, location: 2F 2-2: Ball 3-2: Strikes out swinging
|
Batting: LHB Brett Phillips
|
0-0: Swinging Strike 0-1: Ball 1-1: Called Strike 1-2: Ball 2-2: Foul Ball, location: 2F 2-2: Strikes out looking
|
Bottom of the 5th over - 0 runs, 1 hit, 0 errors, 2 left on base; Chicago 2 - St. Louis 3 |
TOP OF THE 6TH |
Chicago Cubs batting - Pitching for St. Louis Cardinals : RHP Chris Bassitt
|
Batting: LHB Cody Bellinger
|
0-0: Ball 1-0: Ball 2-0: Ball 3-0: Foul Ball, location: 2F 3-1: Called Strike 3-2: Strikes out swinging
|
Batting: RHB Justin Upton
|
0-0: Ball 1-0: Fly out, F3 (Popup, 3SF)
|
Batting: RHB Willson Contreras
|
0-0: Called Strike 0-1: Called Strike 0-2: Foul Ball, location: 2F 0-2: Fly out, F9 (Flyball, 9S)
|
Top of the 6th over - 0 runs, 0 hits, 0 errors, 0 left on base; Chicago 2 - St. Louis 3 |
BOTTOM OF THE 6TH |
St. Louis Cardinals batting - Pitching for Chicago Cubs : RHP Jacob Faria
|
Pitching: RHP David Phelps
|
|
Batting: RHB Harrison Bader
|
0-0: Ball 1-0: Ball 2-0: Reached on error, E4 (Groundball, 4)
|
Batting: RHB Adeiny Hechavarria
|
0-0: Ball 1-0: Fly out, F7 (Flyball, 78S)
|
Pinch Hitting: RHB Hernan Perez
|
0-0: Fly out, F4 (Popup, 13)
|
Batting: SHB Ozzie Albies
|
0-0: Ball 1-0: Called Strike 1-1: Foul Ball, location: 2F 1-2: Foul Ball, location: 2F 1-2: Ground out 4-3 (Groundball, 4)
|
Bottom of the 6th over - 0 runs, 0 hits, 1 error, 1 left on base; Chicago 2 - St. Louis 3 |
TOP OF THE 7TH |
Chicago Cubs batting - Pitching for St. Louis Cardinals : RHP Chris Bassitt
|
Pitching: LHP Fernando Abad
|
|
Batting: RHB Stephen Piscotty
|
0-0: Swinging Strike 0-1: Ball 1-1: Swinging Strike 1-2: Ball 2-2: Foul Ball, location: 2F 2-2: Ball 3-2: Strikes out looking
|
Batting: RHB Zack Cozart
|
0-0: Ball 1-0: Called Strike 1-1: TRIPLE (Flyball, 8LXD)
|
Pinch Hitting: RHB Jedd Gyorko
|
0-0: Called Strike 0-1: Ball 1-1: Ball 2-1: Ball 3-1: Base on Balls
|
Pinch Hitting: LHB Jason Castro
|
0-0: Fly out, F6 (Popup, 56D)
|
Batting: SHB Yoan Moncada
|
0-0: Ball 1-0: Swinging Strike 1-1: Ball 2-1: SINGLE (Groundball, 6D) Zack Cozart scores Jedd Gyorko to second
|
Batting: RHB Paul DeJong
|
0-0: Fly out, F6 (Line Drive, 6)
|
Top of the 7th over - 1 run, 2 hits, 0 errors, 2 left on base; Chicago 3 - St. Louis 3 |
BOTTOM OF THE 7TH |
St. Louis Cardinals batting - Pitching for Chicago Cubs : RHP David Phelps
|
Pitching: RHP Carter Capps
|
|
Now in CF: Brennon Lund
|
|
Batting: RHB Alex Bregman
|
0-0: Ball 1-0: Ball 2-0: Called Strike 2-1: Ball 3-1: Ground out 6-3 (Groundball, 6M)
|
Batting: RHB Jose Alberto Martinez
|
0-0: Called Strike 0-1: SINGLE (Line Drive, 8RS)
|
Batting: RHB Mark Reynolds
|
0-0: Ball 1-0: Ball 2-0: Foul Ball, location: 2F 2-1: SINGLE (Groundball, 5D) Jose Alberto Martinez to second
|
Batting: LHB Alex Avila
|
0-0: Grounds into double play, 4-6-3 (Groundball, 34)
|
Bottom of the 7th over - 0 runs, 2 hits, 0 errors, 1 left on base; Chicago 3 - St. Louis 3 |
TOP OF THE 8TH |
Chicago Cubs batting - Pitching for St. Louis Cardinals : LHP Fernando Abad
|
Pitching: RHP Brad Ziegler
|
|
Batting: LHB Cody Bellinger
|
0-0: Ball 1-0: Ground out 4-3 (Groundball, 4)
|
Batting: RHB Justin Upton
|
0-0: Ground out 4-3 (Groundball, 4M)
|
Batting: RHB Willson Contreras
|
0-0: Ball 1-0: Ground out 6-3 (Groundball, 6)
|
Top of the 8th over - 0 runs, 0 hits, 0 errors, 0 left on base; Chicago 3 - St. Louis 3 |
BOTTOM OF THE 8TH |
St. Louis Cardinals batting - Pitching for Chicago Cubs : RHP Carter Capps
|
Batting: LHB Brett Phillips
|
0-0: Foul Ball, location: 2F 0-1: Ball 1-1: Called Strike 1-2: Ground out 5-3 (Groundball, 56S)
|
Batting: RHB Harrison Bader
|
0-0: Called Strike 0-1: Foul Ball, location: 2F 0-2: Strikes out swinging
|
Batting: RHB Adeiny Hechavarria
|
0-0: Called Strike 0-1: Called Strike 0-2: Strikes out looking
|
Bottom of the 8th over - 0 runs, 0 hits, 0 errors, 0 left on base; Chicago 3 - St. Louis 3 |
TOP OF THE 9TH |
Chicago Cubs batting - Pitching for St. Louis Cardinals : RHP Brad Ziegler
|
Pitching: RHP Mark Melancon
|
|
Now at C: Yan Gomes
|
|
Batting: RHB Stephen Piscotty
|
0-0: Ball 1-0: Swinging Strike 1-1: Ground out 1-3 (Groundball, 34S)
|
Batting: RHB Zack Cozart
|
0-0: Foul Ball, location: 2F 0-1: Foul Ball, location: 2F 0-2: Ball 1-2: Foul Ball, location: 2F 1-2: Strikes out looking
|
Pitching: RHP Fernando Rodney
|
|
Batting: LHB Brennon Lund
|
0-0: Called Strike 0-1: Ball 1-1: Foul Ball, location: 2F 1-2: Foul Ball, location: 2F 1-2: Strikes out looking
|
Top of the 9th over - 0 runs, 0 hits, 0 errors, 0 left on base; Chicago 3 - St. Louis 3 |
BOTTOM OF THE 9TH |
St. Louis Cardinals batting - Pitching for Chicago Cubs : RHP Carter Capps
|
Pitching: RHP Roberto Osuna
|
|
Now in CF: Carlos Asuaje
|
|
Batting: RHB Yan Gomes
|
0-0: Foul Ball, location: 2F 0-1: Swinging Strike 0-2: Foul Ball, location: 2F 0-2: Strikes out swinging
|
Batting: SHB Ozzie Albies
|
0-0: Swinging Strike 0-1: Swinging Strike 0-2: Ball 1-2: Strikes out looking
|
Pitching: RHP Nick Burdi
|
|
Batting: RHB Alex Bregman
|
0-0: Ball 1-0: Ground out U3 (Groundball, 34)
|
Bottom of the 9th over - 0 runs, 0 hits, 0 errors, 0 left on base; Chicago 3 - St. Louis 3 |
TOP OF THE 10TH |
Chicago Cubs batting - Pitching for St. Louis Cardinals : RHP Fernando Rodney
|
Batting: LHB Carlos Asuaje
|
0-0: Called Strike 0-1: Foul Ball, location: 2F 0-2: Hit by Pitch
|
Batting: SHB Yoan Moncada
|
0-0: Fly out, F3 (Flyball, 3D)
|
Batting: RHB Paul DeJong
|
0-0: Swinging Strike 0-1: Ball 1-1: Ball 2-1: Foul Ball, location: 2F 2-2: Ball 3-2: Base on Balls Carlos Asuaje to second
|
Batting: LHB Cody Bellinger
|
0-0: Called Strike 0-1: Called Strike 0-2: Strikes out swinging
|
Batting: RHB Justin Upton
|
0-0: Ball 1-0: Called Strike 1-1: Foul Ball, location: 2F 1-2: Foul Ball, location: 2F 1-2: Ball 2-2: Ball 3-2: Ground out 5-3 (Groundball, 5)
|
Top of the 10th over - 0 runs, 0 hits, 0 errors, 2 left on base; Chicago 3 - St. Louis 3 |
BOTTOM OF THE 10TH |
St. Louis Cardinals batting - Pitching for Chicago Cubs : RHP Nick Burdi
|
Batting: RHB Jose Alberto Martinez
|
0-0: Called Strike 0-1: Foul Ball, location: 2F 0-2: Fly out, F7 (Flyball, 7S)
|
Batting: RHB Mark Reynolds
|
0-0: Called Strike 0-1: Ball 1-1: SINGLE (Popup, 4D)
|
Pinch Hitting: SHB Eduardo Escobar
|
0-0: Called Strike 0-1: Fielders Choice at 2nd, 3-6 (Groundball, 34S)
|
Batting: LHB Brett Phillips
|
0-0: Called Strike 0-1: Swinging Strike 0-2: Ball 1-2: Ground out 4-3 (Groundball, 4)
|
Bottom of the 10th over - 0 runs, 1 hit, 0 errors, 1 left on base; Chicago 3 - St. Louis 3 |
TOP OF THE 11TH |
Chicago Cubs batting - Pitching for St. Louis Cardinals : RHP Fernando Rodney
|
Pitching: RHP Cory Gearrin
|
|
Batting: RHB Willson Contreras
|
0-0: Ball 1-0: Foul Ball, location: 2F 1-1: Ball 2-1: Ball 3-1: Base on Balls
|
Batting: RHB Stephen Piscotty
|
0-0: Called Strike 0-1: Fly out, F7 (Flyball, 7LSF)
|
Batting: RHB Zack Cozart
|
0-0: Ball 1-0: Ball 2-0: Ball 3-0: Called Strike 3-1: Called Strike 3-2: Base on Balls Willson Contreras to second
|
Pinch Hitting: RHB Jose Bautista
|
0-0: Called Strike 0-1: Ball Wild Pitch! Willson Contreras to third Zack Cozart to second 1-1: Ball 2-1: 3-RUN HOME RUN (Flyball, 7D), Distance : 374 ft
|
Pitching: RHP Zac Reininger
|
|
Batting: LHB Carlos Asuaje
|
0-0: Foul Ball, location: 2F 0-1: Ball 1-1: Ground out 1-3 (Groundball, 13S)
|
Batting: SHB Yoan Moncada
|
0-0: Foul Ball, location: 2F 0-1: Called Strike 0-2: Strikes out swinging
|
Top of the 11th over - 3 runs, 1 hit, 0 errors, 0 left on base; Chicago 6 - St. Louis 3 |
BOTTOM OF THE 11TH |
St. Louis Cardinals batting - Pitching for Chicago Cubs : RHP Nick Burdi
|
Pitching: LHP Tony Cingrani
|
|
Batting: RHB Harrison Bader
|
0-0: DOUBLE (Flyball, 8RXD)
|
Batting: RHB Adeiny Hechavarria
|
0-0: Ball 1-0: Ball 2-0: Foul Ball, location: 2F 2-1: Foul Ball, location: 2F 2-2: Fly out, F9 (Flyball, 9S)
|
Batting: RHB Yan Gomes
|
0-0: Ground out 6-3 (Groundball, 6) Harrison Bader to third
|
Batting: SHB Ozzie Albies
|
0-0: Swinging Strike 0-1: Called Strike 0-2: Ball 1-2: Ball 2-2: Strikes out swinging
|
Bottom of the 11th over - 0 runs, 1 hit, 0 errors, 1 left on base; Chicago 6 - St. Louis 3 |
|